Map: 네온 바이올렛 스퀘어 - 래더

Players

Cloudy

  • Race: Protoss Protoss
  • League: Master
  • Spawn Location: 11:00

INnoVation - Winner!

  • Race: Terran Terran
  • Spawn Location: 5:00

Event: 2018 Hangzhou StarCraft Carnival

VOD

Have the link to the VOD?

Description

Time

  • Played on: April 29, 2018, 3:21 a.m.
  • Length: 11:19

All games in this series

Show
View Real Time Build Order
Export as new Build Order

Cloudy Protoss 

Build Orders: 1 Gate Expand, Oracle Opening 

Get SALT Encoding   

  12  0:01  Probe  
  13  0:13  Probe  
  14  0:20  Pylon  
  14  0:25  Probe  
  15  0:34  Probe  
  15  0:40  Gateway  
  16  0:43  Probe  
  16  0:44  Assimilator  
  17  0:52  Probe  
  18  1:05  Probe  
  19  1:17  Probe  
  20  1:25  Nexus  
  20  1:36  Cybernetics Core  
  20  1:38  Probe  
  21  1:46  Assimilator  
  21  1:50  Probe  
  22  1:54  Pylon  
  22  2:02  Probe  
  22  2:04  Adept  
  23  2:15  Probe  
  26  2:21  Stargate  
  26  2:27  Probe  
  26  2:29  Warp Gate  
  27  2:34  Probe  
  28  2:39  Probe  
  28  2:42  Probe  
  29  2:49  Probe  
  29  2:51  Probe  
  31  2:52  Stalker  
  31  2:56  Oracle  
  31  2:57  Probe  
  34  3:03  Probe  
  36  3:05  Probe  
  40  3:15  Probe  
  40  3:17  Probe  
  42  3:22  Stalker  
  42  3:27  Probe  
  42  3:28  Pylon  
  42  3:29  Probe  
  44  3:38  Oracle  
  44  3:39  Probe  
  45  3:41  Probe  
  45  3:46  Pylon  
  49  3:59  Probe  
  49  4:01  Probe  
  51  4:05  Nexus  
  51  4:11  Probe  
  51  4:12  Robotics Facility  
  51  4:14  Forge  
  52  4:17  Probe  
  52  4:22  Twilight Council  
  53  4:26  Probe  
  53  4:29  Probe  
  53  4:31  Assimilator  
  55  4:36  Assimilator  
  55  4:38  Resonating Glaives, Protoss Ground Weapons Level 1  
  55  4:41  Gateway  
  55  4:42  Gateway  
  55  4:58  Pylon  
  55  5:03  Probe x2  
  54  5:08  Phoenix  
  54  5:10  Shield Battery  
  55  5:15  Probe  
  55  5:17  Probe  
  56  5:24  Observer  
  56  5:25  Probe  
  57  5:31  Gateway  
  57  5:34  Probe  
  56  5:36  Gateway  
  56  5:41  Gateway  
  55  5:46  Probe  
  55  5:47  Probe  
  57  5:54  Warp Prism  
  57  5:55  Gateway  
  57  5:58  Gateway  
  54  6:10  Probe  
  54  6:11  Probe  
  54  6:12  Sentry  
  56  6:19  Probe  
  56  6:20  Pylon  
  56  6:22  Pylon  
  56  6:23  Sentry  
  56  6:24  Protoss Ground Armor Level 1, Sentry  
  61  6:26  Shield Battery  
  61  6:28  Probe x2  
  63  6:41  Warp Prism  
  65  6:48  Probe x3  
  68  6:59  Adept x6  
  68  7:00  Probe x2  
  82  7:02  Probe  
  83  7:10  Adept x2  
  83  7:12  Probe  
  88  7:20  Pylon  
  88  7:21  Pylon  
  88  7:37  Probe x3, Blink  
  88  7:39  Pylon  
  88  7:41  Pylon  
  91  7:49  Probe x2  
  93  7:58  Adept x5  
  93  7:59  Adept x3  
  109  8:09  Probe, Protoss Ground Weapons Level 2  
  109  8:10  Probe x2  
  112  8:13  Pylon  
  112  8:14  Pylon  
  112  8:15  Templar Archives  
  112  8:21  Probe  
  113  8:30  Probe x2  
  113  8:31  Assimilator  
  115  8:35  Assimilator  
  115  8:38  Pylon  
  115  8:45  Adept x7  
  125  9:02  Psionic Storm  
  123  9:09  Adept x2  
  123  9:10  Adept x5  
  123  9:12  Adept  
  115  9:34  Adept x8  
  106  10:01  Adept x7  
  106  10:02  Adept  
  116  10:22  Stalker  
  116  10:26  Pylon  
  118  10:28  Pylon  
  118  10:29  Stalker  
  118  10:30  Pylon  
  118  10:31  Stalker x3  
  98  10:50  Zealot x4  
  100  11:06  Adept  
  67  11:14  Adept  
  67  11:15  Zealot x6  
Show
View Real Time Build Order
Export as new Build Order

INnoVation Terran - Winner!

Build Orders: Gas First Reaper Expand, Reaper Expand, MMM Bio, Banshee Rush 

Get SALT Encoding   

  12  0:00  SCV  
  13  0:13  SCV  
  14  0:17  Supply Depot  
  14  0:25  SCV  
  15  0:29  Refinery  
  15  0:39  SCV  
  16  0:45  Barracks  
  16  0:51  SCV  
  17  1:03  SCV  
  18  1:15  SCV  
  19  1:31  Orbital Command  
  19  1:32  Reaper  
  20  1:45  Command Center  
  20  1:54  Factory  
  20  1:58  SCV  
  21  2:06  Barracks Reactor  
  21  2:10  SCV  
  21  2:13  Supply Depot  
  22  2:17  Refinery  
  22  2:22  SCV  
  23  2:35  SCV  
  24  2:44  Starport  
  24  2:46  Hellion x2  
  24  2:47  SCV  
  28  2:59  SCV  
  28  3:01  Orbital Command  
  29  3:08  Widow Mine x2  
  29  3:10  Marine  
  29  3:12  SCV  
  35  3:22  Starport Tech Lab  
  35  3:25  SCV  
  36  3:27  SCV  
  36  3:29  Supply Depot  
  37  3:36  Marine x2  
  37  3:39  Cloaking Field  
  37  3:40  Banshee  
  42  3:44  Factory Tech Lab  
  42  3:45  SCV  
  42  3:46  SCV  
  44  3:55  Supply Depot  
  44  3:57  SCV, Marine  
  44  3:58  Marine, SCV  
  46  4:04  Siege Tank  
  46  4:08  Engineering Bay  
  49  4:11  SCV x2  
  49  4:15  Marine x2  
  53  4:23  Banshee  
  56  4:26  SCV x2  
  58  4:33  Supply Depot  
  58  4:34  Marine x2  
  58  4:38  SCV x2  
  62  4:48  Command Center  
  62  4:54  SCV x2  
  62  4:55  Supply Depot  
  62  5:06  SCV, Banshee  
  66  5:10  Barracks, Stimpack  
  66  5:11  Factory Tech Lab  
  66  5:15  Barracks  
  66  5:17  SCV  
  66  5:18  SCV  
  66  5:19  Marine  
  69  5:21  Refinery  
  69  5:23  Refinery  
  69  5:27  Terran Infantry Weapons Level 1  
  69  5:29  SCV  
  69  5:31  SCV  
  71  5:42  SCV  
  72  5:43  SCV  
  67  5:51  Starport  
  67  5:52  Marine  
  67  5:53  Factory Reactor  
  67  5:54  SCV  
  67  5:55  SCV  
  70  6:01  Orbital Command  
  70  6:03  Barracks  
  70  6:05  Barracks  
  70  6:06  SCV  
  70  6:07  SCV  
  70  6:09  Marine x2  
  71  6:11  Marauder  
  71  6:15  Missile Turret, Marauder, Combat Shields  
  71  6:18  SCV  
  76  6:19  SCV  
  77  6:27  SCV  
  77  6:30  SCV  
  77  6:31  Marine x2, SCV  
  82  6:33  Marauder  
  82  6:36  Medivac x2, Marauder  
  82  6:38  Factory Reactor  
  90  6:40  Supply Depot  
  90  6:42  Supply Depot  
  90  6:44  Supply Depot  
  90  6:52  Barracks Tech Lab  
  90  6:53  Barracks Reactor  
  90  6:54  Marine, Marauder  
  90  6:56  Refinery  
  90  6:57  Refinery  
  93  7:01  Marine  
  93  7:02  SCV x3, Marauder  
  93  7:03  Supply Depot  
  93  7:04  Supply Depot  
  93  7:07  Medivac x2  
  103  7:11  Concussive Shells  
  103  7:14  Marauder  
  107  7:16  Marine, Marauder  
  107  7:18  Starport Tech Lab  
  107  7:21  Widow Mine x2  
  112  7:23  Marauder  
  112  7:27  Supply Depot  
  112  7:28  Terran Infantry Armor Level 1  
  112  7:29  SCV x3, Supply Depot  
  117  7:36  Marauder  
  121  7:37  Marauder  
  121  7:40  Marine x4  
  121  7:41  Liberator  
  121  7:43  Widow Mine x2  
  129  7:45  Marauder  
  130  7:52  Supply Depot  
  130  7:53  Supply Depot  
  130  7:54  Medivac  
  130  7:55  Medivac  
  134  8:01  Marine x3  
  134  8:02  Marine  
  141  8:08  Widow Mine x2, Supply Depot  
  145  8:19  Marauder x2, Ghost Academy  
  151  8:20  Marauder  
  151  8:24  Marine x3  
  151  8:25  Marine  
  155  8:31  Widow Mine x2, Supply Depot  
  159  8:39  Liberator x2  
  159  8:44  Marine x3, Marauder x3  
  164  8:52  Widow Mine x2  
  162  9:08  SCV  
  162  9:09  SCV x2, Marine  
  167  9:10  Marine x2  
  167  9:15  Widow Mine  
  170  9:23  Ghost x2  
  170  9:24  Ghost  
  166  9:25  Liberator x2  
  166  9:31  Marine x4, Liberator  
  163  9:40  Widow Mine x2  
  176  9:55  Supply Depot  
  172  10:01  Widow Mine x2  
  173  10:08  Armory  
  173  10:10  Engineering Bay  
  165  10:21  Marauder x3  
  165  10:28  Marine x3  
  151  10:48  SCV x2  
  151  10:49  SCV  
  152  10:51  Widow Mine x2  
Tags
 
Add a new tag
Caveats
  • Supply blocks, unpowered buildings, or Contaminate may cause inaccurate times.
  • Supply counts are checked every 10 seconds.